AoeStats
← SHIOZEN

Golden Pit

509636756Analyzed
1v1 RM · 5d ago on Sep 27, 2026· 33m 56s· 2 players
Game mode
Random Map
Map size
Tiny (2 player)
Population
200
Speed
Normal
Resources
Standard
Victory
Conquest
Starting age
Dark Age
Ending age
Imperial Age
RankedLock teamsTeams togetherTeam positionsShared explorationLock speedFull tech treeHidden civsTurbo modeCheats
Victory
Defeat
🇫🇷 Armenians · France
1579
+14
🇨🇴 Turks · Colombia
1540
-14
SHIOZEN
5:07 Loom
7:00 Loom
9:20 Feudal Age
9:53 Double-Bit Axe
9:52 Horse Collar
22:28 Castle Age
21:32 Bloodlines
24:22 Scale Barding Armor
27:32 Chain Barding Armor
29:03 Forging
31:16 Stone Mining
34:03 Wheelbarrow
kampfer
6:35 Loom
9:03 Feudal Age
9:51 Double-Bit Axe
11:15 Town Watch
14:40 Fletching
20:14 Castle Age
18:19 Horse Collar
18:52 Gold Mining
20:51 Bodkin Arrow
21:03 Crossbowman
22:45 Bow Saw
24:10 Padded Archer Armor
26:58 Leather Archer Armor
27:28 Wheelbarrow
28:38 Heavy Plow
28:33 Stone Mining
28:51 Squires
30:10 Ballistics
31:27 Pikeman
33:55 Halberdier
Connection lost

Rejoining the realm…

Still unreachable

The connection could not be restored.

Session expired

The server has moved on; the page needs a fresh start.